 Dungeon Crawl Stone Soup version 0.23.2-1-ga50397a (webtiles) character file.

Game seed: 6236220627322786960

10741 spiff the Arsonist (level 11, -10/117 HPs)
             Began as an Ogre Fire Elementalist on May 8, 2019.
             Was a Priest of Vehumet.
             Mangled by a seven-headed hydra (11 damage)
             ... on level 1 of the Lair of Beasts.
             The game lasted 00:45:02 (16275 turns).

spiff the Arsonist (Ogre Fire Elementalist)        Turns: 16275, Time: 00:45:02

Health: -10/117    AC:  4    Str: 14    XL:     11   Next: 66%
Magic:  15/23      EV: 11    Int: 19    God:    Vehumet [***...]
Gold:   660        SH:  0    Dex:  9    Spells: 11/26 levels left

rFire    . . .     SeeInvis .   a - +1 whip (elec)
rCold    . . .     Gourm    .   (no shield)
rNeg     . . .     Faith    .   h - +1 robe
rPois    .         Spirit   .   (helmet restricted)
rElec    .         Reflect  .   (no cloak)
rCorr    .         Harm     .   (gloves unavailable)
MR       +....                  (boots unavailable)
Stlth    +.........             D - amulet of the acrobat
HPRegen  0.29/turn              s - ring of flight
MPRegen  0.18/turn              (no ring)

@: lethally poisoned (-10 -> -22), about to teleport, marked, slowed, very slow
A: large, unfitting armour, tough skin 1
a: Renounce Religion, Evoke Flight


You were on level 1 of the Lair of Beasts.
You worshipped Vehumet.
Vehumet was most pleased with you.
You were hungry.

You visited 3 branches of the dungeon, and saw 14 of its levels.
You also visited: Sewer.

You collected 660 gold pieces.

Inventory:

Hand Weapons
 a - a +1 whip of electrocution (weapon)
 b - a +0 blowgun
 x - a +0 short sword
Missiles
 n - 63 poisoned needles
 o - 5 tomahawks (quivered)
 E - 3 large rocks
Armour
 h - a +1 robe (worn)
 C - a +0 shield
Jewellery
 r - an uncursed amulet of faith
 s - a ring of flight (left hand)
 D - an amulet of the acrobat (around neck)
Wands
 l - a wand of digging (7)
 t - a wand of enslavement (12)
 w - a wand of acid (10)
 z - a wand of disintegration (10)
 F - a wand of paralysis (9)
Scrolls
 e - 5 scrolls of remove curse
 k - a scroll of immolation
 q - 8 scrolls of teleportation
 y - 9 scrolls of identify
 A - 2 scrolls of enchant weapon
 G - a scroll of enchant armour
Potions
 d - 2 potions of flight {unknown}
 f - a potion of cancellation
 g - 6 potions of mutation
 i - a potion of magic
 j - 5 potions of heal wounds
 m - 2 potions of curing
 p - a potion of might
 u - a potion of agility {unknown}
 v - a potion of berserk rage {unknown}
 B - a potion of ambrosia {unknown}
 H - a potion of invisibility {unknown}
 I - a potion of degeneration {unknown}
Comestibles
 c - 19 rations


   Skills:
 - Level 10.1 Fighting
 - Level 4.0 Dodging
 - Level 1.4 Stealth
 * Level 8.0 Spellcasting
 + Level 5.9 Conjurations
 * Level 11.8 Fire Magic


You had 11 spell levels left.
You knew the following spells:

 Your Spells              Type           Power        Failure   Level  Hunger
a - Flame Tongue          Conj/Fire      #####        1%          1    None
b - Conjure Flame         Conj/Fire      #####...     1%          3    None
c - Sticky Flame          Conj/Fire      #####...     1%          4    ###....
d - Fireball              Conj/Fire      #####.....   1%          5    #####..
e - Searing Ray           Conj           ####..       1%          2    None

Your spell library contained the following spells:

 Spells                   Type           Power        Failure   Level  Hunger
 Dazzling Spray           Conj/Hex       ###...       2%          3    None
 Throw Flame              Conj/Fire      #####.       1%          2    None
 Inner Flame              Hex/Fire       ####....     1%          3    None


Dungeon Overview and Level Annotations

Branches:
Dungeon (12/15)            Temple (1/1) D:4            Lair (1/6) D:11
    Orc: D:9-12

Altars:
Ashenzari
Cheibriados
Dithmenos
Elyvilon
Fedhas
Gozag
Hepliaklqana
Kikubaaqudgha
Makhleb
Nemelex Xobeh
Okawaru
Qazlal
Ru
Sif Muna
Trog
Uskayaw
Vehumet
Wu Jian
Xom
Yredelemnul
Zin
The Shining One

Shops:
D:7 %}(

Annotations:
Lair:1 Sonja


Innate Abilities, Weirdness & Mutations

You are too large for most types of armour.
You have tough skin. (AC +1)


Message History

You are poisoned.
You have difficulty breathing.
* * * LOW HITPOINT WARNING * * *
You feel as though you will be slow longer.
The seven-headed hydra bites you.
* * * LOW HITPOINT WARNING * * *
The seven-headed hydra bites you.
* * * LOW HITPOINT WARNING * * *
The seven-headed hydra bites you.
* * * LOW HITPOINT WARNING * * *
The seven-headed hydra barely misses you.
The seven-headed hydra bites you but does no damage.
The seven-headed hydra bites you!!
* * * LOW HITPOINT WARNING * * *
The seven-headed hydra bites you but does no damage.
Sonja gestures wildly while chanting.
Sonja blinks!
The seven-headed hydra closely misses you.
The seven-headed hydra bites you!
You die...

##..........
#####...........
#####....§.....#....
#...#........##.....
#...#....##.##......
#......####.###...P.
# #.....##
#.###'#+#. ##.
#....## #..##.♣.##
#.. ##..@.#
#.###...## #.P###
#...D.# #####.......
##....# ##..###
#.##..÷.....
#.....####..#
#.#........÷
#.....#.....#
#.....#....#
#....#..##..#
#...###.♣.##
##...#......#
##..####...##
#.......P###
###...#.....÷..
#.....P..#
#..>.♣###..♣..#


You could see a seven-headed hydra.

Vanquished Creatures
  2 two-headed ogres (D:11)
  An unseen horror (D:10)
  An ugly thing (D:10)
  An elephant (D:11)
  Joseph (D:10)
  A troll (D:10)
  A hippogriff (D:10)
  Sigmund (D:2)
  15 yaks
  2 hungry ghosts (D:4)
  A soldier ant (D:10)
  4 water moccasins
  2 orc warriors
  2 ice beasts
  2 sky beasts
  An eye of draining (D:11)
  5 ogres
  A phantom (D:4)
  2 necrophages
  3 centaurs
  2 crocodiles (D:11)
  3 big kobolds
  8 bullfrogs
  4 scorpions
  5 killer bees (D:7)
  A howler monkey (D:4)
  3 bullfrog zombies
  2 crimson imps
  A quasit (D:10)
  6 hounds
  An orc wizard (D:11)
  3 centaur skeletons
  An orc priest (D:4)
  A jelly (D:11)
  Jessica (D:2)
  4 iguanas
  Terence (D:2)
  3 bullfrog skeletons
  8 worker ants
  A hound zombie (D:11)
  2 river rats (Sewer)
  15 adders
  A shadow imp (D:9)
  An ooze (D:2)
  4 adder skeletons
  3 worms
  4 dart slugs
  8 leopard geckos
  18 orcs
  9 bats
  6 giant cockroaches
  4 goblins
  7 hobgoblins
  9 jackals
  40 kobolds
  A quokka (D:5)
  4 ball pythons
  8 frilled lizards
  12 rats
  A spectral orc (D:8)
265 creatures vanquished.

Vanquished Creatures (others)
  A fungus (Lair:1)
  6 plants
  4 toadstools (D:1)
11 creatures vanquished.

Grand Total: 276 creatures vanquished

Notes
Turn   | Place    | Note
-------+----------+-------------------------------------------
     0 | D:1      | spiff the Ogre Fire Elementalist began the quest for the
                  | Orb.
     0 | D:1      | Reached XP level 1. HP: 16/16 MP: 3/3
   141 | D:1      | Reached skill level 3 in Fire Magic
   141 | D:1      | Reached XP level 2. HP: 14/26 MP: 0/5
   330 | D:1      | Reached skill level 1 in Fighting
   708 | D:1      | Reached XP level 3. HP: 33/33 MP: 5/7
   713 | D:1      | Learned a level 3 spell: Conjure Flame
  1544 | D:2      | Noticed Jessica
  1555 | D:2      | Killed Jessica
  1555 | D:2      | Reached XP level 4. HP: 41/42 MP: 0/8
  1871 | D:2      | Noticed Terence
  1914 | D:2      | Learned a level 4 spell: Sticky Flame
  2075 | D:2      | Reached skill level 1 in Conjurations
  2250 | D:2      | Noticed Sigmund
  2360 | D:2      | Reached skill level 4 in Fire Magic
  2360 | D:2      | Reached XP level 5. HP: 45/50 MP: 1/10
  2726 | D:3      | Found a glowing drain.
  2730 | Sewer    | Entered a sewer
  3126 | Sewer    | Noticed a big kobold
  3732 | D:3      | Found a sparkling altar of Nemelex Xobeh.
  3842 | D:4      | Reached XP level 6. HP: 52/59 MP: 2/11
  3940 | D:4      | Noticed a phantom
  4448 | D:4      | Killed a phantom
  4448 | D:4      | Reached skill level 5 in Fire Magic
  4764 | D:4      | Found a staircase to the Ecumenical Temple.
  4772 | D:4      | Reached XP level 7. HP: 66/66 MP: 10/12
  4775 | Temple   | Entered the Ecumenical Temple
  4872 | Temple   | Became a worshipper of Vehumet
  5049 | D:4      | Noticed a hungry ghost
  5098 | D:4      | Killed a hungry ghost
  5543 | D:2      | Killed Sigmund
  5543 | D:2      | Reached skill level 6 in Fire Magic
  5673 | D:2      | Killed Terence
  5707 | D:4      | Reached XP level 8. HP: 70/74 MP: 11/13
  5972 | D:4      | Reached skill level 5 in Conjurations
  6164 | D:4      | Found an ornate altar of the Wu Jian Council.
  6226 | D:5      | Entered Level 5 of the Dungeon
  6656 | D:5      | Found a shadowy altar of Dithmenos.
  7269 | D:5      | Found an opulent altar of Gozag.
  7617 | D:6      | Reached skill level 5 in Fighting
  7617 | D:6      | Reached skill level 5 in Spellcasting
  7728 | D:6      | Found a glowing golden altar of the Shining One.
  7782 | D:6      | Found an ancient bone altar of Kikubaaqudgha.
  7789 | D:6      | Reached * piety under Vehumet
  7789 | D:6      | Offered knowledge of Freeze by Vehumet.
  8108 | D:6      | Learned a level 5 spell: Fireball
  8333 | D:6      | Found a shimmering altar of Xom.
  8936 | D:7      | Reached XP level 9. HP: 79/92 MP: 13/18
  8956 | D:7      | Found Ewaok's Gadget Boutique.
  8980 | D:7      | Found Xeexzol's Antique Weapon Shop.
  9451 | D:7      | Reached ** piety under Vehumet
  9760 | D:7      | Offered knowledge of Throw Frost by Vehumet.
  9960 | D:7      | Found Tunoemod's Food Boutique.
 10381 | D:8      | Found a basalt altar of Yredelemnul.
 10821 | D:8      | Reached skill level 7 in Fire Magic
 11597 | D:9      | Reached XP level 10. HP: 44/107 MP: 1/20
 11904 | D:9      | Reached skill level 8 in Fire Magic
 12755 | D:10     | Entered Level 10 of the Dungeon
 12776 | D:10     | Noticed an unseen horror
 12778 | D:10     | Killed an unseen horror
 13005 | D:10     | Offered knowledge of Searing Ray by Vehumet.
 13023 | D:10     | Learned a level 2 spell: Searing Ray
 13307 | D:10     | Noticed Joseph
 13339 | D:10     | Killed Joseph
 13339 | D:10     | Reached skill level 10 in Fighting
 13339 | D:10     | Reached skill level 9 in Fire Magic
 13963 | D:11     | Noticed a two-headed ogre
 14159 | D:11     | Found a sacrificial altar of Ru.
 14163 | D:11     | Noticed a purple ugly thing
 14190 | D:10     | Killed a purple ugly thing
 14190 | D:10     | Reached skill level 10 in Fire Magic
 14400 | D:11     | Killed a two-headed ogre
 14400 | D:11     | Reached XP level 11. HP: 106/116 MP: 10/21
 14485 | D:11     | Reached *** piety under Vehumet
 14518 | D:11     | Reached skill level 11 in Fire Magic
 14589 | D:11     | Noticed a two-headed ogre
 14843 | D:11     | Killed a two-headed ogre
 15298 | D:11     | Found a staircase to the Lair.
 15585 | D:12     | Offered knowledge of Dazzling Spray by Vehumet.
 15691 | Lair:1   | Entered Level 1 of the Lair of Beasts
 16256 | Lair:1   | Noticed a seven-headed hydra
 16273 | Lair:1   | Noticed Sonja
 16275 | Lair:1   | HP: 1/117 [seven-headed hydra (18)]
 16275 | Lair:1   | Mangled by a seven-headed hydra

Skill      XL: |  1  2  3  4  5  6  7  8  9 10 11 |
---------------+----------------------------------+-----
Fire Magic     | 3 4 5 6 7 10 11 | 11.8
Fighting       | 1 2 6 9 10 | 10.1
Spellcasting   | 3 6 7 8 |  8.0
Conjurations   | 1 2 3 4 5 |  5.9
Dodging        | 3 4 |  4.0
Stealth        | |  1.4

Action                   |  1- 3 |  4- 6 |  7- 9 | 10-12 || total
-------------------------+-------+-------+-------+-------++-------
Melee: Unarmed           |     8 |       |       |       ||     8
       Short sword       |    10 |     9 |    74 |       ||    93
       Whip              |       |       |    74 |    73 ||   147
 Fire: Blowgun           |       |     2 |       |    18 ||    20
Throw: Tomahawk          |       |       |       |     1 ||     1
 Cast: Flame Tongue      |    56 |   138 |   138 |    49 ||   381
       Conjure Flame     |     1 |     1 |     3 |     6 ||    11
       Sticky Flame      |       |     1 |    47 |    69 ||   117
       Fireball          |       |       |       |     6 ||     6
       Searing Ray       |       |       |       |     1 ||     1
  Use: Scroll            |       |    10 |     3 |     6 ||    19
       Potion            |       |       |     1 |     1 ||     2
 Stab: Sleeping          |     1 |     1 |     2 |     1 ||     5
  Eat: Chunk             |     2 |    10 |    19 |    17 ||    48
       Ration            |       |       |     3 |     2 ||     5
Armor: Robe              |     9 |    14 |    45 |    25 ||    93
Dodge: Dodged            |    19 |    52 |   140 |   112 ||   323
